 Dungeon Crawl Stone Soup version 0.31-a0-870-g10ed682358 (webtiles) character file.

Game seed: 13145099715741500377

185 Bnni the Vexing (level 5, -4/39 HPs)
             Began as a Formicid Hexslinger on Oct 12, 2023.
             Slain by a worm (21 damage)
             ... on level 4 of the Dungeon.
             The game lasted 00:02:56 (2476 turns).

Bnni the Vexing (Formicid Hexslinger)               Turns: 2476, Time: 00:02:57

Health: -4/39      AC:  2    Str: 13    XL:     5   Next: 96%
Magic:  7/8        EV:  2    Int: 12    God:
Gold:   192        SH:  0    Dex: 18    Spells: 3/8 levels left

rFire   . . .        a - +1 sling
rCold   + . .        (no shield)
rNeg    . . .        c - +0 robe
rPois   .            (helmet unavailable)
rElec   .            (no cloak)
rCorr   .            (no gloves)
SInv    +            (no boots)
Will    +....        (no amulet)
Stlth   ++           i - ring of willpower
HPRegen 0.26/turn    k - ring of protection from cold
MPRegen 0.11/turn

%: no passive effects
@: sleeping
A: permanent stasis, dig shafts and tunnels, antennae 3, four strong arms
a: Dig, Shaft Self


You were on level 4 of the Dungeon.
You visited 1 branch of the dungeon, and saw 4 of its levels.

You collected 192 gold pieces.

Inventory:

Hand Weapons
 a - a +1 sling (weapon)
 o - a +0 dagger of venom
Armour
 c - a +0 robe (worn)
Jewellery
 i - a ring of willpower (left hand)
 k - a ring of protection from cold (right hand)
Scrolls
 b - 2 scrolls of poison
 f - 2 scrolls of teleportation {unknown}
 g - a scroll of enchant armour {unknown}
 h - 2 scrolls of noise {unknown}
 l - a scroll of immolation {unknown}
 p - a scroll of blinking {unknown}
Potions
 d - a potion of heal wounds
 e - 2 potions of brilliance
 j - a potion of berserk rage {unknown}
 m - a potion of curing {unknown}
 n - a potion of lignification {unknown}


   Skills:
 + Level 2.4 Fighting
 * Level 3.6 Ranged Weapons
 - Level 1.7 Dodging
 + Level 2.3 Spellcasting
 * Level 5.1 Hexes
 - Level 1.0 Fire Magic


You had 3 spell levels left.
You knew the following spells:

 Your Spells              Type           Power      Damage    Failure   Level
a - Jinxbite              Hex            26%        N/A       4%          2
b - Inner Flame           Hex/Fire       8%         N/A       22%         3

Your spell library contained the following spells:

 Spells                   Type           Power      Damage    Failure   Level
 Sigil of Binding         Hex            13%        N/A       10%         3
 Sting                    Tmut/Pois      4%         1d3       26%         1
 Poisonous Vapours        Pois/Air       2%         N/A       36%         2
 Volatile Blastmotes      Fire/Tloc      4%         2d10      54%         3
 Cause Fear               Hex            6%         N/A       30%         4
 Dimensional Bullseye     Hex/Tloc       3%         N/A       65%         4
 Fulminant Prism          Conj/Hex       3%         3d5       65%         4
 Iskenderun's Mystic Bla  Conj/Tloc      1%         2d3       95%         4
 Olgreb's Toxic Radiance  Pois           1%         N/A       95%         4


Dungeon Overview and Level Annotations

Branches:
Dungeon (4/15)
 Temple: D:4-7

Altars:
Wu Jian
Xom


Innate Abilities, Weirdness & Mutations

You cannot be hasted, slowed, berserked, paralysed or teleported.
You can dig through walls and to a lower floor.
You have a pair of large antennae on your head. (SInv)
Your four strong arms can wield two-handed weapons with a shield.


Message History

You miscast Jinxbite.
You are very lightly contaminated with residual magic.
Nothing appears to happen.
A worm comes into view.
You shoot a sling bullet.
The sling bullet hits the sleepcap but does no damage.
The sleepcap is moderately damaged.
You feel your willpower return.
You shoot a sling bullet.
The sling bullet hits the sleepcap but does no damage.
The sleepcap is moderately damaged.
The sleepcap barely misses you. The sleepcap completely misses you.
You shoot a sling bullet. The sling bullet hits the sleepcap.
The sleepcap is moderately damaged.
The sleepcap releases spores at you but does no damage.
You shoot a sling bullet. The sling bullet hits the sleepcap.
The sleepcap is heavily damaged.
The sleepcap releases spores at you.
You are engulfed in a cloud of soporific spores!
You fall asleep.
The worm bites you.
You wake up.
You shoot a sling bullet.
The sling bullet hits the sleepcap but does no damage.
The sleepcap is heavily damaged.
The sleepcap misses you.
Unknown command.
You shoot a sling bullet. The sling bullet hits the sleepcap.
The sleepcap is severely damaged.
The sleepcap releases spores at you.
You are engulfed in a cloud of soporific spores!
You are unaffected.
The worm bites you!
Your magical contamination has completely faded away.
Unknown command.
You are too injured to fight recklessly!
The sleepcap attacks as it pursues you! The sleepcap releases spores at you.
You are engulfed in a cloud of soporific spores!
You fall asleep.
The worm attacks as it pursues you! The worm bites you!!
Ouch! That really hurt!
You die...

..#. ..# ..#.
#.#.# .....
#.#.# .#...
#.#.#
..(...#.#.#
.#....#.#%#
....#.....#####.
#.....w........
{ #..!.#f@.#####
...##,#....# #
#.#..########
#.#.........# {
#.#...##....#
#.#.#.......+###
#.#.#..........#
#.#.#.#...##.###
#.#.#...)..#


You could see a sleepcap and a worm.

Vanquished Creatures
  Natasha (thrice) (D:3)
  2 adders
  5 dart slugs
  5 orcs
  7 bats
  3 endoplasms
  6 giant cockroaches
  7 goblins
  5 hobgoblins
  4 jackals (D:1)
  6 kobolds
  4 quokkas
  11 ball pythons
  3 frilled lizards
  7 rats
78 creatures vanquished.

Notes
Turn   | Place    | Note
-------+----------+-------------------------------------------
     0 | D:1      | Bnni the Formicid Hexslinger began the quest for the Orb.
     0 | D:1      | Reached XP level 1. HP: 15/15 MP: 2/2
    58 | D:1      | Reached XP level 2. HP: 21/21 MP: 3/3
   115 | D:1      | Reached skill level 4 in Hexes
   205 | D:1      | Found a faded altar of an unknown god.
   223 | D:1      | Reached XP level 3. HP: 25/26 MP: 5/5
   230 | D:1      | Learned a level 2 spell: Jinxbite
   367 | D:1      | Learned a level 3 spell: Inner Flame
   902 | D:2      | Reached XP level 4. HP: 26/33 MP: 6/6
   952 | D:2      | Found an ornate altar of the Wu Jian Council.
  1936 | D:3      | Reached XP level 5. HP: 38/38 MP: 7/7
  2008 | D:3      | Found a shimmering altar of Xom.
  2139 | D:3      | Noticed Natasha
  2145 | D:3      | Killed Natasha
  2217 | D:3      | Noticed Natasha
  2223 | D:3      | Killed Natasha
  2224 | D:3      | Reached skill level 5 in Hexes
  2302 | D:3      | Noticed Natasha
  2305 | D:3      | Killed Natasha
  2476 | D:4      | Slain by a worm

Illustrated notes

Levels and vault maps discovered:
D:1:      ldierk_walled_garden_2, layout_loops_ring,
          chequers_ecumenical_altar_simple_redux
D:2:      minmay_recursive_quarters, layout_basic, basic_altar
D:3:      layout_basic, amcnicky_altar_gilded, uniq_natasha
D:4:      layout_basic, nicolae_ru_great_annihilating_truth,
          mainiacjoe_overflow_alcove_1, minmay_temple_entry_slanted,
          lightli_sewer_entry_pipes, hex_intersection,
          nicolae_shop_distant_corner_stores

Skill      XL: |  1  2  3  4  5 |
---------------+----------------+-----
Hexes          | 4 5 |  5.1
Ranged Weapons | 3 |  3.6
Fighting       | 2 |  2.4
Spellcasting   | 2 |  2.3
Dodging        | |  1.7
Fire Magic     | |  1.0

Action                     |  1- 3 |  4- 6 || total
---------------------------+-------+-------++-------
   Fire: Sling             |    90 |   106 ||   196
   Cast: Jinxbite          |       |     3 ||     3
Ability: Dig               |       |     1 ||     1
    Use: Scroll            |       |     3 ||     3
 Armour: Robe              |    22 |    24 ||    46
  Dodge: Dodged            |    17 |    17 ||    34

Table legend: (Time is in decaauts)
 A = Elapsed time spent in this place.
 B = Non-inter-level travel time spent in this place.
 C = Inter-level travel time spent in this place.
 D = Time resting spent in this place.
 E = Time spent auto-exploring this place.
 F = Levels seen in this place.
 G = Mean time per level.
                   A        B        C        D        E       F      G
               +--------+--------+--------+--------+--------+-----+--------+
         Total |   2527 |   2428 |     99 |      0 |   1994 |   4 |  631.8 |
       Dungeon |   2527 |   2428 |     99 |      0 |   1994 |   4 |  631.8 |
               +--------+--------+--------+--------+--------+-----+--------+

Top non-repeatable levels by time:
     D:2: 995 daAuts
     D:1: 745 daAuts
     D:3: 740 daAuts
     D:4: 46 daAuts
